 Dungeon Crawl Stone Soup version 0.29-a0-90-gc37658a0fe (webtiles) character file.

Game seed: 4974488584159563269

364 cyrus the Slasher (level 6, -1/57 HPs)
             Began as a Naga Fighter on Feb 6, 2022.
             Was an Initiate of Yredelemnul.
             Slain by a kobold (4 damage)
             ... on level 4 of the Dungeon.
             The game lasted 00:11:27 (4571 turns).

cyrus the Slasher (Naga Fighter)                    Turns: 4571, Time: 00:11:28

Health: -1/57      AC:  9    Str: 18    XL:     6   Next: 67%
Magic:  6/6        EV:  7    Int: 10    God:    Yredelemnul [......]
Gold:   98         SH:  4    Dex: 11    Spells: 5/5 levels left

rFire   . . .      SeeInvis +   y - +1 trident (flame)
rCold   . . .      Faith    +   c - +0 buckler
rNeg    . . .      Spirit   .   b - +0 scale mail
rPois   +          Reflect  .   g - +0 helmet
rElec   .          Harm     .   (no cloak)
rCorr   .          Rampage  .   r - +1 pair of gloves
Will    .....                   (no barding)
Stlth   ..........              d - amulet of faith
HPRegen 0.19/turn               (no ring)
MPRegen 0.10/turn               (no ring)

@: very slow
A: AC +2, large, see invisible, deformed body, poison resistance, slowness 2,
spit poison 1, naga tail 1
a: Spit Poison, Renounce Religion, Recall Undead Harvest


You were on level 4 of the Dungeon.
You worshipped Yredelemnul.
Yredelemnul was noncommittal.
You visited 1 branch of the dungeon, and saw 4 of its levels.

You collected 98 gold pieces.

Inventory:

Hand Weapons
 a - a +0 long sword
 y - a +1 trident of flaming (weapon)
Armour
 b - a +0 scale mail (worn)
 c - a +0 buckler (worn)
 g - a +0 helmet (worn)
 r - a +1 pair of gloves (worn)
Jewellery
 d - an amulet of faith (around neck)
 p - a ring of fire
 s - a +6 ring of intelligence
 u - an amulet of the acrobat
Wands
 v - a wand of polymorph (3)
Scrolls
 f - 2 scrolls of identify {unknown}
 h - 2 scrolls of enchant weapon {unknown}
 i - a scroll of teleportation {unknown}
 j - a scroll of fear {unknown}
 k - a scroll of fog {unknown}
 m - 4 scrolls of vulnerability {unknown}
 n - 2 scrolls of immolation {unknown}
 t - a scroll of acquirement {unknown}
Potions
 e - a potion of haste {unknown}
 l - a potion of lignification {unknown}
 o - a potion of resistance {unknown}
 q - 3 potions of curing {unknown}
 w - 3 potions of heal wounds {unknown}
 x - a potion of mutation {unknown}


   Skills:
 + Level 3.7 Fighting
 + Level 4.6 Long Blades
 + Level 3.9 Armour
 + Level 1.1 Dodging
 + Level 0.9 Stealth
 + Level 2.6 Shields


You had 5 spell levels left.
You didn't know any spells.
Your spell library contained the following spells:

 Spells                   Type           Power      Damage    Failure   Level
 Gell's Gravitas          Tloc           0%         N/A       99%         3
 Lesser Beckoning         Tloc           0%         N/A       99%         3
 Teleport Other           Tloc           0%         N/A       99%         3


Dungeon Overview and Level Annotations

Branches:
Dungeon (4/15)
 Temple: D:4-7

Altars:
Makhleb
Yredelemnul
Lugonu

Shops:
D:4 (

Portals:
Abyss: D:4


Innate Abilities, Weirdness & Mutations

Your serpentine skin is tough. (AC +2)
You have supernaturally acute eyesight. (SInv)
Armour fits poorly on your strangely shaped body.
Your system is resistant to poisons. (rPois)
You cover ground very slowly.
You can spit poison.
You have a snake-like lower body.


Message History

Space warps horribly around you!!
The kobold barely misses your orc wizard zombie.
The kobold hits you but does no damage. The kobold barely misses you.
Your orc wizard zombie hits the kobold but does no damage.
You hit the kobold but do no damage.
The kobold is severely wounded.
The kobold barely misses your orc wizard zombie.
The kobold closely misses your orc wizard zombie.
The kobold hits your orc wizard zombie with a +0 short sword of speed.
The kobold barely misses you.
Your orc zombie barely misses the kobold.
Your orc wizard zombie misses the kobold.
Unknown command.
Unknown command.
The kobold hits your orc wizard zombie with a +0 short sword of speed.
Your orc wizard zombie is destroyed!
The kobold hits your orc zombie with a +2 whip of distortion.
Your orc zombie is destroyed!
The kobold barely misses you. The kobold hits you but does no damage.
Space warps around you.
The kobold hits you with a +0 short sword of speed.
You puncture the kobold! You burn the kobold.
You kill the kobold!
The kobold hits you but does no damage.
The kobold hits you with a +0 short sword of speed.
The kobold hits you but does no damage.
The kobold hits you with a +0 short sword.
* * * LOW HITPOINT WARNING * * *
You hit the kobold. You burn the kobold.
You kill the kobold!
The kobold hits you but does no damage. Space warps horribly around you!
* * * LOW HITPOINT WARNING * * *
You block the kobold's attack.
The kobold hits you with a +2 whip of distortion.
* * * LOW HITPOINT WARNING * * *
The kobold hits your worm zombie with a +2 whip of distortion.
Your worm zombie blinks!
The kobold hits you with a +0 short sword.
You die...
Your body rises from the dead as a mindless zombie.

.#....^...Z#....#........##.#...#
####.#....##.............#####.##
# #..##.......##........## ###
###...####............###
.##....###.#.........####
ZZ#.....................#####
ZZ.............Z........##..#
..........#.................#
..........#.....@...##..#Z.##
.........####...K......#####
....)....# ##.)K.....##
.........## ##..).(....##
.........)###.............#
<.#....)....)#)....#..#...>..
#..####.###....#')##.##...#..
...#Z.#####..###..###. ..## #
....Z.##.##### #..# #. ..


You could see 2 kobolds and a friendly worm zombie.

Vanquished Creatures
  Blork the orc (D:4)
  A water moccasin skeleton (D:4)
  A centaur skeleton (D:4)
  A jelly (D:3)
  An iguana (D:4)
  2 orc wizards (D:4)
  2 adders (D:3)
  A worm (D:4)
  An orc (D:4)
  6 ball pythons
  6 endoplasms
  5 giant cockroaches
  3 goblins
  3 hobgoblins
  A jackal (D:2)
  2 quokkas
  2 bats (D:2)
  5 kobolds
  2 rats
46 creatures vanquished.

Vanquished Creatures (collateral kills)
  3 adders
  3 orcs
  2 endoplasms
  2 goblins
  A jackal (D:2)
  3 kobolds
  2 ball pythons
  A ball python zombie (D:4)
  A bat (D:3)
18 creatures vanquished.

Vanquished Creatures (others)
  2 adder zombies (D:4)
  A giant cockroach zombie (D:4)
  A goblin zombie (D:4)
  2 kobold zombies (D:4)
  6 orc zombies (D:4)
  A fungus (D:1)
13 creatures vanquished.

Grand Total: 77 creatures vanquished

Notes
Turn   | Place    | Note
-------+----------+-------------------------------------------
     0 | D:1      | cyrus the Naga Fighter began the quest for the Orb.
     0 | D:1      | Reached XP level 1. HP: 21/21 MP: 1/1
   186 | D:1      | Found a faded altar of an unknown god.
   449 | D:1      | Reached XP level 2. HP: 28/28 MP: 2/2
  1220 | D:1      | Prayed at the altar of an unknown god.
  1220 | D:1      | Became a worshipper of Yredelemnul the Dark
  1220 | D:1      | Reached * piety under Yredelemnul
  1602 | D:2      | Reached XP level 3. HP: 24/34 MP: 3/3
  1728 | D:2      | Found a burning altar of Makhleb.
  2305 | D:3      | Reached skill level 3 in Long Blades
  2305 | D:3      | Reached XP level 4. HP: 6/42 MP: 4/4
  3180 | D:4      | Reached skill level 1 in Dodging
  3180 | D:4      | Reached XP level 5. HP: 38/49 MP: 3/5
  3369 | D:4      | Found a one-way gate to the infinite horrors of the Abyss.
  3434 | D:4      | Reached skill level 4 in Long Blades
  3442 | D:4      | Found a large runed translucent door.
  3442 | D:4      | Found a large runed translucent door.
  3472 | D:4      | Reached XP level 6. HP: 10/57 MP: 6/6
  3920 | D:4      | Noticed Blork the orc
  3938 | D:4      | Killed Blork the orc
  4328 | D:4      | Reached ** piety under Yredelemnul
  4346 | D:4      | Found Toyc's Antique Weapon Boutique.
  4552 | D:4      | Found a corrupted altar of Lugonu.
  4561 | D:4      | Your ally Blork died
  4569 | D:4      | HP: 2/57 [kobold (3)]
  4571 | D:4      | Slain by a kobold

Illustrated notes

Levels and vault maps discovered:
D:1:      onia_arrival_mini_maze_b, layout_loops_corners,
          nicolae_ecumenical_lake_church, hangedman_decor_clover_reticule
D:2:      layout_basic, basic_altar
D:3:      layout_basic
D:4:      due_chaos_kobolds, layout_cave_pools, serial_shops, shop,
          uniq_blork_the_orc

Skill      XL: |  1  2  3  4  5 |
---------------+----------------+-----
Armour         | 3 |  3.9
Long Blades    | 3 4 |  4.6
Dodging        | 1 |  1.1
Fighting       | |  3.7
Stealth        | |  0.9
Shields        | |  2.6

Action                   |  1- 3 |  4- 6 || total
-------------------------+-------+-------++-------
Melee: Long sword        |    63 |    78 ||   141
       Trident           |       |    17 ||    17
Invok: Recall Undead Har |     1 |     2 ||     3
 Abil: Spit Poison       |       |     3 ||     3
  Use: Potion            |     1 |       ||     1
 Stab: Distracted        |       |     1 ||     1
Armor: Scale mail        |    32 |    92 ||   124
Dodge: Dodged            |    36 |    56 ||    92
Block: Buckler           |    21 |    18 ||    39

Table legend: (Time is in decaauts)
 A = Elapsed time spent in this place.
 B = Non-inter-level travel time spent in this place.
 C = Inter-level travel time spent in this place.
 D = Time resting spent in this place.
 E = Time spent auto-exploring this place.
 F = Levels seen in this place.
 G = Mean time per level.
                   A        B        C        D        E       F      G
               +--------+--------+--------+--------+--------+-----+--------+
         Total |   5783 |   5783 |      0 |    763 |   3766 |   4 | 1445.8 |
       Dungeon |   5783 |   5783 |      0 |    763 |   3766 |   4 | 1445.8 |
               +--------+--------+--------+--------+--------+-----+--------+

Top non-repeatable levels by time:
     D:1: 1815 daAuts
     D:4: 1607 daAuts
     D:3: 1208 daAuts
     D:2: 1151 daAuts
